AoeStats
← Javi Radical692

Black Forest

509721871Analyzed
3v3 RM · 4d ago on Sep 27, 2026· 62m 7s· 6 players
Game mode
Random Map
Map size
Normal (6 player)
Population
200
Speed
Normal
Resources
Standard
Victory
Conquest
Starting age
Dark Age
Ending age
Imperial Age
RankedLock teamsTeams togetherTeam positionsShared explorationLock speedFull tech treeHidden civsTurbo modeCheats
Victory
Defeat
🇨🇱 Britons · Chile
692
+15
🇫🇷 Vietnamese · France
688
+15
🇫🇷 Byzantines · France
601
+20
🇨🇴 Britons · Colombia
673
-17
🇦🇷 Vikings · Argentina
671
-17
🇧🇷 Huns · Brazil
666
-16
GleisOn!
19:29 Feudal Age
20:10 Double-Bit Axe
24:38 Fishing Lines
29:46 Castle Age
28:59 Horse Collar
29:14 Gold Mining
29:20 Stone Mining
29:44 Scale Barding Armor
33:12 Marauders
34:41 Wheelbarrow
38:06 Imperial Age
36:20 Gold Shaft Mining
36:19 Gillnets
36:53 Bloodlines
36:43 Husbandry
37:25 Hand Cart
37:25 Caravan
37:38 Bow Saw
38:15 Elite Tarkan
40:20 Coinage
41:27 Atheism
41:30 Conscription
41:43 Chain Barding Armor
44:13 Loom
46:28 Forging
46:54 Plate Barding Armor
52:35 Iron Casting
54:54 Banking
Aleko Bart
1:04 Loom
14:15 Feudal Age
17:10 Forging
20:59 Fletching
25:14 Castle Age
24:53 Gold Mining
25:43 Double-Bit Axe
29:34 Wheelbarrow
31:00 Bow Saw
32:35 Hand Cart
34:49 Horse Collar
37:59 Imperial Age
36:31 Caravan
36:32 Bodkin Arrow
36:58 Heavy Plow
36:25 Crossbowman
37:53 Fortified Wall
37:16 Man-at-Arms
39:04 Conscription
39:50 Chemistry
39:36 Coinage
40:01 Ballistics
39:46 Husbandry
40:50 Two-Man Saw
39:49 Stone Mining
42:01 Siege Engineers
41:52 Murder Holes
43:09 Guilds
45:40 Arbalester
53:34 Scale Barding Armor
53:06 Onager
55:35 Pikeman
56:16 Squires
56:29 Capped Ram
Musaf
12:39 Feudal Age
14:05 Horse Collar
16:47 Arson
16:24 Man-at-Arms
18:33 Gold Mining
18:35 Stone Mining
18:33 Double-Bit Axe
24:32 Castle Age
23:18 Forging
23:09 Scale Mail Armor
23:01 Fletching
26:30 Gold Shaft Mining
28:05 Bow Saw
28:55 Heavy Plow
32:08 Chieftains
33:15 Caravan
34:16 Long Swordsman
34:56 Squires
37:08 Iron Casting
36:48 Chain Mail Armor
36:29 Bodkin Arrow
36:34 Padded Archer Armor
38:02 Loom
38:05 Town Watch
40:53 Imperial Age
38:37 Fortified Wall
38:22 Murder Holes
38:48 Ballistics
38:10 Treadmill Crane
38:40 Masonry
38:41 Scale Barding Armor
39:13 Fervor
39:03 Devotion
39:27 Heresy
39:13 Atonement
39:15 Pikeman
41:18 Leather Archer Armor
41:25 Chain Barding Armor
42:05 Conscription
41:45 Elite Berserk
41:59 Capped Ram
44:36 Town Patrol
45:39 Blast Furnace
45:09 Plate Mail Armor
44:39 Bracer
45:10 Ring Archer Armor
45:44 Chemistry
45:15 Architecture
44:50 Siege Engineers
44:31 Arrowslits
45:20 Crop Rotation
45:54 Two-Man Saw
44:32 Siege Ram
50:31 Cavalier
53:40 Elite Varangian Guard
DmT x Dang3r0us
0:27 Loom
17:42 Feudal Age
18:58 Wheelbarrow
18:13 Double-Bit Axe
18:11 Horse Collar
29:16 Castle Age
28:21 Stone Mining
28:24 Gold Mining
30:12 Hand Cart
30:11 Bow Saw
30:05 Heavy Plow
35:34 Imperial Age
33:51 Squires
33:37 Gambesons
33:39 Arson
36:13 Scale Mail Armor
39:53 Crop Rotation
41:57 Pikeman
44:14 Halberdier
45:20 Fortified Wall
48:07 Ballistics
47:59 Elite Varangian Guard
49:04 Forging
49:10 Chain Mail Armor
50:50 Ballistics
50:24 Guard Tower
51:24 Plate Mail Armor
51:29 Iron Casting
53:08 Keep
54:22 Chemistry
54:35 Gold Shaft Mining
55:31 Coinage
55:35 Guilds
56:24 Bombard Tower
57:28 Iron Casting
57:21 Murder Holes
57:16 Arrowslits
58:13 Treadmill Crane
61:56 Banking
florent.toto
0:28 Loom
13:12 Feudal Age
13:59 Town Watch
14:19 Double-Bit Axe
14:23 Fishing Lines
21:10 Castle Age
19:34 Horse Collar
21:56 Wheelbarrow
22:10 Stone Mining
22:15 Gold Mining
22:27 Heavy Plow
24:49 Bow Saw
27:19 Masonry
30:56 Imperial Age
28:41 Scale Mail Armor
28:42 Padded Archer Armor
32:42 Chemistry
31:37 Heated Shot
31:58 Fortified Wall
32:50 Hand Cart
35:10 Crop Rotation
35:42 Two-Man Saw
36:22 Paper Money
36:38 Ballistics
36:05 Arrowslits
38:18 Stone Shaft Mining
37:22 Man-at-Arms
37:25 Light Cavalry
38:17 Bloodlines
37:37 Light Cavalry
38:29 Bloodlines
38:24 Husbandry
46:35 Elite Rattan Archer
48:51 Hoardings
48:42 Elite Battle Elephant
52:38 Pikeman
54:12 Capped Ram
56:14 Chatras
56:25 Halberdier
57:09 Squires
56:31 Long Swordsman
Javi Radical692
0:40 Loom
13:23 Feudal Age
13:56 Horse Collar
14:06 Double-Bit Axe
24:55 Castle Age
24:01 Stone Mining
24:05 Gold Mining
24:19 Padded Archer Armor
24:47 Fishing Lines
26:41 Bow Saw
28:40 Wheelbarrow
28:53 Fletching
29:50 Heavy Plow
29:58 Bodkin Arrow
34:07 Leather Archer Armor
33:42 Town Watch
34:35 Gold Shaft Mining
38:51 Imperial Age
36:41 Hand Cart
36:41 Scale Mail Armor
36:04 Pikeman
36:46 Squires
36:33 Arson
37:58 Forging
38:04 Chain Mail Armor
38:34 Yeomen
38:29 Gillnets
39:31 Murder Holes
40:37 Chemistry
41:23 Two-Man Saw
40:21 Treadmill Crane
41:02 Ballistics
41:17 Ring Archer Armor
40:48 Bracer
43:05 Iron Casting
43:57 Conscription
44:19 Elite Longbowman
45:27 Siege Engineers
45:57 Plate Mail Armor
48:40 Blast Furnace
48:00 Masonry
48:06 Town Patrol
49:55 Architecture
49:33 Caravan
51:05 Halberdier
Connection lost

Rejoining the realm…

Still unreachable

The connection could not be restored.

Session expired

The server has moved on; the page needs a fresh start.